 Dungeon Crawl Stone Soup version 0.16.1-28-gcc2312f (webtiles) character file.

356 sqallbeste the Slasher (level 6, -1/49 HPs)
             Began as a Demonspawn Berserker on May 29, 2015.
             Was an Initiate of Gozag.
             Slain by a worm (2 damage)
             ... while paralysed by Grinder
             ... on level 4 of the Dungeon.
             The game lasted 00:14:48 (3834 turns).

sqallbeste the Slasher (Demonspawn Berserker)       Turns: 3834, Time: 00:14:48

Health: -1/49      AC: 12    Str: 20    XL:     6   Next: 36%
Magic:  0/6        EV:  2    Int:  8    God:    Gozag
Gold:   92         SH:  0    Dex: 12    Spells: 0 memorised, 5 levels left

rFire  x . .     SeeInvis .     a - +0 falchion
rCold  + . .     Clarity  .     k - +1 ring mail
rNeg   . . .     SustAb   .     (no shield)
rPois  .         Gourm    .     (no helmet)
rElec  .         Spirit   +     c - +2 cloak
rCorr  .         Warding  .     q - +2 pair of gloves
rMut   .         Stasis   .     (no boots)
MR     .....                    l - amulet of faith
Stlth  +.........               (no ring)
                                d - ring of ice

@: paralysed, not resistant to hostile enchantments, very unstealthy
A: powered by pain 2, magic shield
a: Potion Petition, Call Merchant, Bribe Branch, Renounce Religion


You were on level 4 of the Dungeon.
You worshipped Gozag.
Gozag was noncommittal.
You were not hungry.

You visited 1 branch of the dungeon, and saw 4 of its levels.

You collected 215 gold pieces.
You paid 123 gold pieces to Gozag.

Inventory:

Hand weapons
 a - a +0 falchion (weapon)
 n - a +0 dagger
Armour
 b - a +0 animal skin
 c - a +2 cloak (worn)
 i - a +0 scale mail
 k - a +1 ring mail (worn)
 q - a +2 pair of gloves (worn)
Jewellery
 d - a ring of ice (left hand)
 l - an amulet of faith (around neck)
Magical devices
 r - a wand of magic darts (23)
Scrolls
 g - 5 scrolls of identify
 m - a scroll of noise
 u - 2 scrolls of remove curse
Potions
 e - a potion of curing
Comestibles
 j - a meat ration
 o - 8 fruits
 p - 2 bread rations
 v - a slice of pizza


   Skills:
 + Level 4.5 Fighting
 * Level 5.1 Long Blades
 + Level 3.1 Armour
 - Level 1.7 Dodging


You had 5 spell levels left.
You didn't know any spells.

Dungeon Overview and Level Annotations

Branches:
Dungeon (4/15)
 Temple: D:4-7

Altars:
Gozag
Yredelemnul
Zin

Annotations:
D:4 Grinder


Innate Abilities, Weirdness & Mutations

You sometimes gain power by taking damage.
When hurt, damage is shared between your health and your magic reserves.


Message History

* * * LOW HITPOINT WARNING * * *
The orc hits you with a hand axe.
* * * LOW HITPOINT WARNING * * *
The orc wizard hits you but does no damage.
The worm bites you but does no damage. Grinder hits you.
* * * LOW HITPOINT WARNING * * *
You writhe in agony. x2
The orc wizard gestures at you while chanting.
The puff of frost hits you! The orc hits you but does no damage.
Grinder hits you.
* * * LOW HITPOINT WARNING * * *
You writhe in agony.
* * * LOW HITPOINT WARNING * * *
The orc wizard hits you but does no damage.
The orc wizard mumbles some strange words.
The orc wizard flickers and vanishes!
Deactivating autopickup; reactivate with Ctrl-A.
The orc hits you but does no damage. The worm bites you.
You die...
Your body crumbles into a pile of gold.

.#..'..........+
##..#..........#
##..#..........#+##
....#....###'#....#
....+....#...#....+
....#....#...#....#
....#....'..<#....#
+####....#..$(.w{5##+##..
.....#...#go@.....!.. #+#
#...###+#.......
.w...........#......
#.....%g....# .....
#...........+ .....
#..####.###'# ... #+ #.#
.# # ... . g..


You could see Grinder, a worm, an orc and a goblin.

Vanquished Creatures
  A hound (D:2)
  3 orc wizards (D:4)
  Robin (D:2)
  7 gnolls
  7 adders
  2 worms
  An ooze (D:4)
  7 orcs
  27 goblins
  12 hobgoblins
  9 kobolds
  A ball python (D:2)
  7 bats
  4 giant cockroaches
  4 giant newts
  8 jackals
  2 quokkas
  4 rats
107 creatures vanquished.

Notes
Turn   | Place    | Note
--------------------------------------------------------------
     0 | D:1      | sqallbeste, the Demonspawn Berserker, began the quest for the Orb.
     0 | D:1      | Reached XP level 1. HP: 18/18 MP: 1/1
   309 | D:1      | Gained mutation: When hurt, damage is shared between your health and your magic reserves. [demonic ancestry]
   309 | D:1      | Reached XP level 2. HP: 21/24 MP: 2/2
   999 | D:2      | Acquired Trog's second power
  1040 | D:2      | Gained mutation: You sometimes gain a little power by taking damage. [demonic ancestry]
  1040 | D:2      | Reached XP level 3. HP: 18/29 MP: 1/3
  1654 | D:2      | Reached XP level 4. HP: 35/37 MP: 4/4
  2017 | D:2      | Reached skill level 4 in Long Blades
  2287 | D:2      | Gained mutation: You sometimes gain power by taking damage. [demonic ancestry]
  2287 | D:2      | Reached XP level 5. HP: 37/42 MP: 5/5
  2352 | D:2      | Noticed Robin
  2370 | D:2      | Killed Robin
  3172 | D:3      | Acquired Trog's third power
  3222 | D:3      | Found a basalt altar of Yredelemnul.
  3223 | D:3      | Found a glowing silver altar of Zin.
  3371 | D:4      | Reached XP level 6. HP: 38/49 MP: 6/6
  3615 | D:4      | Noticed Grinder
  3691 | D:4      | Found an opulent altar of Gozag.
  3700 | D:4      | Fell from the grace of Trog
  3700 | D:4      | Became a worshipper of Gozag Ym Sagoz the Greedy
  3728 | D:4      | Reached skill level 5 in Long Blades
  3830 | D:4      | Paralysed by Grinder for 7 turns
  3833 | D:4      | HP: 1/49 [Grinder (4)]
  3834 | D:4      | Slain by a worm

Action                   |  1- 3 |  4- 6 || total
-------------------------+-------+-------++-------
Melee: Falchion          |   135 |   251 ||   386
Invok: Berserk           |       |     1 ||     1
       Trog's Hand       |       |     1 ||     1
  Use: Potion            |     5 |    10 ||    15
       Scroll            |     3 |     4 ||     7
  Eat: Bread ration      |     1 |     1 ||     2
       Beef jerky        |       |     2 ||     2
